 Dungeon Crawl Stone Soup version 0.22-a0-293-gc9362ec (webtiles) character file.

13536 matakusis the Summoner (level 11, -12/54 HPs)
             Began as a Deep Elf Summoner on Mar 24, 2018.
             Was a High Priest of Sif Muna.
             Mangled by an ice devil (15 damage)
             ... on level 1 of the Lair of Beasts.
             The game lasted 01:05:38 (12183 turns).

matakusis the Summoner (Deep Elf Summoner)         Turns: 12183, Time: 01:05:40

Health: -12/54     AC: 12    Str:  5    XL:     11   Next: 76%
Magic:  12/30      EV: 12    Int: 30    God:    Sif Muna [*****.]
Gold:   625        SH:  0    Dex: 15    Spells: 26/36 levels left

rFire    . . .     SeeInvis .   k - +7 war axe of Zam Cuulingu {flame, rN+ Int+6 Stlth+}
rCold    . . .     Gourm    .   (no shield)
rNeg     + . .     Faith    .   J - +4 troll leather armour
rPois    .         Spirit   .   (no helmet)
rElec    .         Reflect  .   G - +2 cloak {MR+}
rCorr    +         Harm     .   (no gloves)
MR       ++...     Clarity  +   g - +0 pair of boots
Stlth    +++.......             (no amulet)
HPRegen  0.98/turn              y - ring of resist corrosion
MPRegen  0.22/turn              (no ring)

@: drained
A: talons 1, blurry vision 1, clarity, regeneration 1
a: Divine Energy, Channel Magic, Forget Spell, Renounce Religion


You were on level 1 of the Lair of Beasts.
You worshipped Sif Muna.
Sif Muna was extremely pleased with you.
You were not hungry.

You visited 3 branches of the dungeon, and saw 14 of its levels.
You also visited: Sewer, Ossuary and Bailey.

You collected 625 gold pieces.

Inventory:

Hand Weapons
 k - the +7 war axe of Zam Cuulingu (weapon) {flame, rN+ Int+6 Stlth+}
   (You found it on level 4 of the Dungeon)

   It has been specially enchanted to burn those struck by it, causing extra
   injury to most foes and up to half again as much damage against particularly
   susceptible opponents.
   Big, fiery blades are also staple armaments of hydra-hunters.
   It affects your intelligence (+6).
   It protects you from negative energy.
   It makes you more stealthy.
 p - a +1 dagger of piercing
 K - a +0 double sword
Missiles
 d - 275 stones (quivered)
 i - 100 arrows
Armour
 a - a +0 robe
 g - a +0 pair of boots (worn)
 n - a +2 leather armour of fire resistance
 t - a +0 leather armour of magic resistance
 G - a +2 cloak of magic resistance (worn)
 J - a +4 troll leather armour (worn)
Jewellery
 y - a ring of resist corrosion (left hand)
Wands
 j - a wand of flame (36)
 m - a wand of digging (15)
 s - a wand of iceblast (7)
 v - a wand of acid (15)
 F - a wand of polymorph (12)
Scrolls
 b - 6 scrolls of remove curse
 e - 3 scrolls of teleportation
 f - 2 scrolls of fear
 q - 4 scrolls of enchant weapon
 x - 3 scrolls of amnesia
 z - 3 scrolls of summoning
 A - 4 scrolls of blinking
 C - 4 scrolls of enchant armour
Potions
 h - 2 potions of brilliance
 l - 6 potions of curing
 o - a potion of berserk rage
 r - 2 potions of flight
 u - 4 potions of haste
 w - 2 potions of ambrosia
 B - 4 potions of agility
 D - a potion of magic
 H - a potion of heal wounds
 I - 5 potions of might
Comestibles
 c - 17 rations
 E - 6 chunks of flesh


   Skills:
 - Level 0.3(0.2) Axes
 - Level 2.4(2.2) Dodging
 - Level 2.4(2.2) Stealth
 + Level 13.1(12.9) Spellcasting
 * Level 14.6(14.4) Summonings
 * Level 8.2(8.0) Ice Magic
   Level 7.0(6.8) Poison Magic


You had 26 spell levels left.
You knew the following spells:

 Your Spells              Type           Power        Failure   Level  Hunger
b - Call Imp              Summ           #######.     1%          2    None
c - Summon Ice Beast      Ice/Summ       ######..     1%          4    None
d - Summon Lightning Spi  Summ/Air       ######..     2%          4    None


Dungeon Overview and Level Annotations

Branches:
Dungeon (12/15)            Temple (1/1) D:7            Lair (1/6) D:8
    Orc (0/2) D:9

Altars:
Ashenzari
Cheibriados
Dithmenos
Elyvilon
Fedhas
Gozag
Hepliaklqana
Kikubaaqudgha
Makhleb
Nemelex Xobeh
Okawaru
Qazlal
Ru
Sif Muna
Trog
Uskayaw
Vehumet
Wu Jian
Xom
Yredelemnul
Zin
The Shining One
Lugonu

Shops:
D:10 }

Annotations:
D:12 Urug


Innate Abilities, Weirdness & Mutations

You have sharp toenails.
Scrolls take you a little longer to read.
You possess an exceptional clarity of mind.
Your natural rate of healing is unusually fast.


Message History

Your ice beast completely resists.
Your ice beast hits the ice devil but does no damage. x2
Your ice beast barely misses the ice devil.
You swap places.
Your ice beast disappears in a puff of smoke!
The ice devil hits you! The ice devil freezes you!
Your ice beast hits the ice devil.
Your ice beast freezes the ice devil.
The ice devil completely resists.
Unknown command.
You completely miss the crocodile. You hit the ice devil.
You burn the ice devil. The ice devil hits you! The ice devil freezes you!
* * * LOW HITPOINT WARNING * * *
The crocodile bites you.
* * * LOW HITPOINT WARNING * * *
Your ice beast barely misses the ice devil.
Your ice beast hits the crocodile.
Your ice beast freezes the crocodile!!
The crocodile seems to slow down.
The ice devil hits you.
* * * LOW HITPOINT WARNING * * *
The ice devil freezes you!
You die...

....... ............
................
##..............
##....##.......# #.....#
#......### ##....#
#........### .
#.....###...#..YY'4##...
#.....##......t@#8.4...
##....#.#.÷.....Y4.##...
................§### .
.##.#............#
####..##....#....#
##.####......... #.#
#..#....... #.#
#..##....... #.#
#..P###..##.(#


You could see 2 ice devils, a crocodile and 3 friendly ice beasts.

Vanquished Creatures
  An unseen horror (D:11)
  A phantom (D:10)
  An elf zombie (Ossuary)
  A killer bee (D:8)
  A crimson imp (D:8)
  A quasit (D:10)
  2 bullfrog zombies (D:10)
  A hound (D:8)
  2 bullfrog skeletons
  An orc priest (D:3)
  An orc wizard (D:9)
  A shadow imp (D:6)
  An adder skeleton (D:5)
  5 orcs
  A giant cockroach (D:6)
  2 hobgoblins
  A jackal (D:11)
  2 quokkas
  4 bats
  A frilled lizard (D:3)
  A goblin (D:1)
  A kobold (D:2)
  A rat (Sewer)
34 creatures vanquished.

Vanquished Creatures (collateral kills)
  Harold (Lair:1)
  A hydra (Lair:1)
  Erica (D:8)
  3 two-headed ogres
  The ghost of
  1994 the Ruffian, a novice DrTm of Yredelemnul (D:8)
  The ghost of Nib the Demolition Demonspawn, a novice DsGl of Makhleb (D:10)
  Nergalle (D:11)
  3 orc knights (Bailey)
  Maurice (D:8)
  4 trolls
  A hornet (D:8)
  4 hippogriffs
  Sigmund (D:6)
  A vampire (D:10)
  Eustachio (D:6)
  5 yaks (D:9)
  Grum (D:11)
  Edmund (D:6)
  Menkaure (D:6)
  2 water moccasins
  2 porcupines (Lair:1)
  4 ice beasts
  2 sky beasts
  10 orc warriors (Bailey)
  A black bear (D:7)
  A phantom (D:11)
  10 ogres
  3 wolves
  5 centaurs
  3 crocodiles (Lair:1)
  5 elf zombies (Ossuary)
  2 big kobolds
  4 bullfrogs
  2 scorpions
  18 killer bees
  A howler monkey (D:7)
  4 electric eels (D:8)
  2 crimson imps
  A bullfrog zombie (D:5)
  5 jellies
  A centaur skeleton (D:11)
  9 hounds
  11 orc priests
  3 centaur zombies
  4 human zombies (Ossuary)
  2 bullfrog skeletons
  4 iguanas
  8 orc wizards
  7 worker ants
  3 mummies (Ossuary)
  A worker ant zombie (D:11)
  4 gnolls (D:10)
  11 adders
  An ooze (D:2)
  An adder skeleton (D:4)
  3 worms
  4 dart slugs
  5 leopard geckos
  61 orcs
  7 bats
  11 giant cockroaches
  12 goblins
  15 hobgoblins
  17 jackals
  11 kobolds
  7 quokkas
  A ball python (D:6)
  A ball python skeleton (D:5)
  10 frilled lizards
  A quokka skeleton (D:4)
  8 rats
  A spectral orc (D:7)
365 creatures vanquished.

Vanquished Creatures (others)
  A fungus (Lair:1)
1 creature vanquished.

Grand Total: 400 creatures vanquished

Notes
Turn   | Place    | Note
-------+----------+-------------------------------------------
     0 | D:1      | matakusis the Deep Elf Summoner began the quest for the Orb.
     0 | D:1      | Reached XP level 1. HP: 10/10 MP: 6/6
   255 | D:1      | Reached XP level 2. HP: 11/15 MP: 4/8
   259 | D:1      | Learned a level 2 spell: Call Imp
   447 | D:1      | Reached skill level 5 in Summonings
   811 | D:1      | Reached XP level 3. HP: 19/19 MP: 3/9
  1057 | D:2      | Found a radiant altar of Vehumet.
  1235 | D:2      | Found a blossoming altar of Fedhas.
  1876 | D:2      | Gained mutation: Your muscles are strong. (Str +2) [potion of mutation]
  1876 | D:2      | Gained mutation: Your muscles are very strong. (Str +4) [potion of mutation]
  1918 | D:3      | Reached XP level 4. HP: 9/24 MP: 6/11
  1972 | D:3      | HP: 1/24 [iguana (13)]
  2281 | D:3      | Learned a level 4 spell: Summon Ice Beast
  2286 | D:3      | Learned a level 4 spell: Summon Lightning Spire
  2288 | D:3      | Reached skill level 6 in Summonings
  2443 | D:3      | Reached XP level 5. HP: 16/28 MP: 5/13
  2852 | D:3      | Found a snail-covered altar of Cheibriados.
  3204 | D:4      | Noticed an ogre
  3211 | D:4      | Killed an ogre
  3211 | D:4      | Reached skill level 1 in Ice Magic
  3237 | D:4      | Reached skill level 5 in Spellcasting
  3343 | D:4      | Noticed an ogre
  3349 | D:4      | Killed an ogre
  3349 | D:4      | Reached XP level 6. HP: 32/32 MP: 2/15
  3521 | D:4      | Noticed an ice beast
  3528 | D:4      | Killed an ice beast
  3528 | D:4      | Reached skill level 7 in Summonings
  3538 | D:4      | Found a glowing silver altar of Zin.
  3538 | D:4      | Found a white marble altar of Elyvilon.
  3538 | D:4      | Found a glowing golden altar of the Shining One.
  3686 | D:4      | Got a faintly glowing war axe
  3687 | D:4      | Identified the +7 war axe of Zam Cuulingu {flame, rN+ Int+6 Stlth+} (You found it on level 4 of the Dungeon)
  3731 | D:5      | Entered Level 5 of the Dungeon
  3943 | D:5      | Found a sparkling altar of Nemelex Xobeh.
  4025 | D:5      | Reached XP level 7. HP: 35/36 MP: 13/18
  4239 | D:5      | Found a hide-covered altar of Uskayaw.
  4561 | D:6      | Reached skill level 8 in Summonings
  4575 | D:6      | Noticed Eustachio
  4595 | D:6      | Killed Eustachio
  4710 | D:6      | Noticed Edmund
  4717 | D:6      | Killed Edmund
  4729 | D:6      | Found a glowing drain.
  4759 | Sewer    | Entered a sewer
  4949 | Sewer    | Found a white marble altar of Elyvilon.
  5101 | D:6      | Noticed Menkaure
  5112 | D:6      | Killed Menkaure
  5112 | D:6      | Reached XP level 8. HP: 24/41 MP: 2/20
  5136 | D:6      | Reached skill level 9 in Summonings
  5357 | D:6      | Noticed Sigmund
  5365 | D:6      | Killed Sigmund
  5830 | D:7      | Found a staircase to the Ecumenical Temple.
  5893 | Temple   | Entered the Ecumenical Temple
  5928 | Temple   | Became a worshipper of Sif Muna the Loreminder
  6405 | D:7      | Lost mutation: Your muscles are very strong. (Str +4) [potion of mutation]
  6405 | D:7      | Lost mutation: Your muscles are strong. (Str +2) [potion of mutation]
  6405 | D:7      | Gained mutation: Your natural rate of healing is unusually fast. [potion of mutation]
  6405 | D:7      | Gained mutation: Scrolls take you a little longer to read. [potion of mutation]
  6405 | D:7      | Gained mutation: You have sharp toenails. [potion of mutation]
  6405 | D:7      | Gained mutation: You possess an exceptional clarity of mind. [potion of mutation]
  6689 | D:7      | Reached skill level 10 in Summonings
  6739 | D:7      | Found a basalt altar of Yredelemnul.
  6844 | D:7      | Found a hazy altar of Hepliaklqana.
  6891 | D:8      | Noticed a troll
  6899 | D:8      | Reached * piety under Sif Muna
  6932 | D:8      | Found a shimmering altar of Xom.
  6934 | D:8      | Noticed a hippogriff
  6938 | D:8      | Noticed 1994's ghost (novice DrTm)
  6944 | D:8      | Killed a hippogriff
  6944 | D:8      | Reached skill level 5 in Ice Magic
  6944 | D:8      | Reached XP level 9. HP: 45/45 MP: 2/23
  6957 | D:8      | Killed 1994's ghost
  6959 | D:8      | Noticed Maurice
  6968 | D:8      | Noticed Erica
  7030 | D:8      | Killed Erica
  7082 | D:8      | Killed a troll
  7082 | D:8      | Reached skill level 11 in Summonings
  7089 | D:8      | Found a sand-covered staircase.
  7094 | Ossuary  | Entered an ossuary
  7337 | Ossuary  | Reached ** piety under Sif Muna
  7409 | Ossuary  | Reached skill level 10 in Spellcasting
  7583 | D:8      | Found a staircase to the Lair.
  7753 | D:8      | Reached *** piety under Sif Muna
  7753 | D:8      | Reached **** piety under Sif Muna
  7753 | D:8      | Reached skill level 13 in Summonings
  7753 | D:8      | Reached XP level 10. HP: 50/50 MP: 25/27
  7885 | D:8      | Killed Maurice
  7913 | D:8      | Found a shattered altar of Ashenzari.
  8011 | D:8      | Noticed a two-headed ogre
  8019 | D:8      | Killed a two-headed ogre
  8124 | D:8      | Noticed a two-headed ogre
  8130 | D:8      | Killed a two-headed ogre
  8448 | D:9      | Found a stormy altar of Qazlal.
  8462 | D:9      | Found a sacrificial altar of Ru.
  8581 | D:9      | Found a sparkling altar of Nemelex Xobeh.
  8607 | D:9      | Reached XP level 11. HP: 54/54 MP: 24/28
  8625 | D:9      | Found a staircase to the Orcish Mines.
  8882 | D:9      | Found an iron altar of Okawaru.
  9263 | D:10     | Entered Level 10 of the Dungeon
  9314 | D:10     | Noticed Nib's ghost (novice DsGl)
  9331 | D:10     | Killed Nib's ghost
  9341 | D:10     | Found a flagged portal.
  9359 | Bailey   | Entered a bailey
  9371 | Bailey   | Reached ***** piety under Sif Muna
  9504 | Bailey   | Identified Sif Muna's Papyrus of Attacks (Sif Muna gifted it to you in a bailey)
  9504 | Bailey   | Received a gift from Sif Muna
  9685 | Bailey   | Noticed an orc knight
  9693 | Bailey   | Noticed an orc knight
  9695 | Bailey   | Killed an orc knight
  9707 | Bailey   | Killed an orc knight
  9744 | Bailey   | Noticed an orc knight
  9844 | Bailey   | Killed an orc knight
 10158 | D:10     | Noticed a two-headed ogre
 10167 | D:10     | Killed a two-headed ogre
 10322 | D:10     | Reached skill level 14 in Summonings
 10620 | D:10     | Found Leumem's Gadget Emporium.
 10883 | D:11     | Noticed Nergalle
 10895 | D:11     | Killed Nergalle
 11042 | D:11     | Noticed Grum
 11049 | D:11     | Killed Grum
 11454 | D:11     | Killed an unseen horror
 11816 | D:12     | Noticed a red ugly thing
 11816 | D:12     | Noticed a centaur warrior
 11816 | D:12     | Noticed a tengu warrior
 11816 | D:12     | Noticed Urug
 11818 | D:12     | Noticed a purple ugly thing
 11838 | D:12     | Found a sparkling altar of Nemelex Xobeh.
 11838 | D:12     | Noticed a two-headed ogre
 11838 | D:12     | Noticed a two-headed ogre
 11905 | D:12     | Noticed a tengu warrior
 12020 | Lair:1   | Entered Level 1 of the Lair of Beasts
 12041 | Lair:1   | Noticed a five-headed hydra
 12046 | Lair:1   | Killed a five-headed hydra
 12054 | Lair:1   | Noticed Harold
 12064 | Lair:1   | Killed Harold
 12183 | Lair:1   | Mangled by an ice devil

Vault maps used:
D:1:      giann_wishing_wells, minmay_lizard_pond
D:2:      nicolae_overflow_crystal_walls, vehumet_crystals
D:3:      kennysheep_slug_shrine
D:4:      good_gods_mini_temple, first_ration
D:5:      overflow_temple_1_default, lemuel_crystal_altar
D:6:      portal_sewer_entry_a, uniq_menkaure, uniq_edmund, uniq_sigmund,
          uniq_eustachio
D:7:      lemuel_coloured_pillars_altar, yredelemnul_forgotten_temple_becter,
          minmay_temple_entry_overgrown, grunt_ogre_cave
D:8:      kennysheep_mini_moat, old_standard_altar, erik_lair_island,
          enter_ossuary_2, kennysheep_diamond, uniq_erica, uniq_maurice
D:9:      lemuel_crystal_altar, nicolae_qazlal_general_emergency,
          nicolae_ru_great_annihilating_truth, orc_0_dummy,
          nemelex_xobeh_ov_fountains_minmay
D:10:     serial_shops, nicolae_shop_trees, enter_bailey_7
D:11:     uniq_grum, uniq_nergalle
D:12:     minmay_tearing_corner, basic_altar, minivault_28, uniq_urug
Temple:   corrupted_temple
Lair:1:   minmay_lair_oklob_tunnel, portal_ice_cave_demonic_guard, st_stairs_3,
          infiniplex_staircase_pool, uniq_harold
Sewer:    sewer_kobolds
Ossuary:  ossuary_minmay_four_chambers
Bailey:   bailey_polearm_5, bailey

Skill      XL: |  1  2  3  4  5  6  7  8  9 10 11 |
---------------+----------------------------------+-----
Summonings     | 5 6 7 8 10 13 14 | 14.6
Spellcasting   | 4 5 6 7 8 11 13 | 13.1
Ice Magic      | 1 2 3 5 6 8 |  8.2
Poison Magic   | 7 |  7.0
Axes           | |  0.3
Dodging        | |  2.4
Stealth        | |  2.4

Action                   |  1- 3 |  4- 6 |  7- 9 | 10-12 || total
-------------------------+-------+-------+-------+-------++-------
Melee: Unarmed           |     1 |       |       |       ||     1
       Dagger            |    12 |    13 |       |       ||    25
       War axe           |       |     8 |    36 |    86 ||   130
 Cast: Summon Small Mamm |    19 |       |       |       ||    19
       Call Imp          |    44 |    19 |     1 |       ||    64
       Summon Lightning  |       |    18 |    42 |    61 ||   121
       Summon Ice Beast  |       |     9 |    38 |    73 ||   120
  Use: Potion            |     5 |     2 |     9 |     2 ||    18
       Scroll            |     3 |     4 |     9 |     8 ||    24
 Stab: Sleeping          |     1 |     1 |       |     2 ||     4
       Distracted        |       |       |       |     2 ||     2
  Eat: Chunk             |     4 |    11 |    11 |    10 ||    36
       Ration            |       |       |     1 |     1 ||     2
Armor: Robe              |     8 |     9 |     2 |       ||    19
       Leather armour    |       |       |    11 |    25 ||    36
       Troll leather arm |       |       |       |    75 ||    75
       Skin              |       |       |       |     3 ||     3
Dodge: Dodged            |    37 |    21 |    39 |    58 ||   155

Table legend:
 A = Spawn XP
 B = Non-spawn XP
 C = Spawn XP percentage of total XP
 D = Spawn monster count
 E = Non-spawn monster count
 F = Spawn count percentage of total count
 G = Total turns spent on level
                    A         B        C        D         E        F      G
               +---------+---------+-------+---------+---------+-------+---------
         Total |       0 |   14822 |   0.0 |       0 |     399 |   0.0 | 12183
               +---------+---------+-------+---------+---------+-------+---------
           D:1 |       0 |      41 |   0.0 |       0 |      39 |   0.0 |  1011
           D:2 |       0 |      50 |   0.0 |       0 |      23 |   0.0 |   869
           D:3 |       0 |     146 |   0.0 |       0 |      33 |   0.0 |  1291
           D:4 |       0 |     319 |   0.0 |       0 |      19 |   0.0 |   560
           D:5 |       0 |     392 |   0.0 |       0 |      21 |   0.0 |   819
           D:6 |       0 |     722 |   0.0 |       0 |      28 |   0.0 |   913
           D:7 |       0 |     729 |   0.0 |       0 |      33 |   0.0 |  1106
           D:8 |       0 |    3419 |   0.0 |       0 |      36 |   0.0 |  1092
           D:9 |       0 |     879 |   0.0 |       0 |      29 |   0.0 |  1037
          D:10 |       0 |    1975 |   0.0 |       0 |      29 |   0.0 |   797
          D:11 |       0 |    2405 |   0.0 |       0 |      37 |   0.0 |  1178
        Lair:1 |       0 |    1560 |   0.0 |       0 |       9 |   0.0 |   163
         Sewer |       0 |      57 |   0.0 |       0 |       8 |   0.0 |   272
       Ossuary |       0 |     450 |   0.0 |       0 |      15 |   0.0 |   471
        Bailey |       0 |    1678 |   0.0 |       0 |      40 |   0.0 |   548
               +---------+---------+-------+---------+---------+-------+---------
